 Dungeon Crawl Stone Soup version 0.30-b1-2-g02819fbbbe (webtiles) character file.

Game seed: 18048499412877602969

7581 manyhoops the Covert (level 10, 0/88 HPs)
             Began as a Demigod Earth Elementalist on Dec 1, 2023.
             Slain by an ancient zyme (9 damage)
             ... on level 1 of the Abyss.
             The game lasted 00:15:51 (10287 turns).

manyhoops the Covert (Demigod Earth Elementalist)  Turns: 10287, Time: 00:15:52

Health: 0/88       AC:  7    Str:  9    XL:     10   Next: 65%
Magic:  17/19      EV: 13    Int: 27    God:
Gold:   407        SH:  5    Dex: 14    Spells: 8/17 levels left

rFire   + . .        D - staff of earth
rCold   + + .        (no shield)
rNeg    + . .        L - +1 leather armour {rC+}
rPois   +            t - +0 helmet
rElec   .            d - scarf {rC+ rF+}
rCorr   .            (no gloves)
SInv    +            (no boots)
Will    +....        K - amulet of reflection
Stlth   ++++         B - ring of positive energy
HPRegen 0.00/turn    E - ring of see invisible
MPRegen 0.16/turn

%: reflection, clarity
@: about to teleport, sick
A: high MP 1, forlorn, divine attributes, iridescent scales 1, clarity, dopey 1,
poison resistance
a: no special abilities


You were on level 1 of the Abyss.
You visited 1 branch of the dungeon, and saw 10 of its levels.
You visited the Abyss 1 time.

You collected 587 gold pieces.
You spent 180 gold pieces at shops.

Inventory:

Missiles
 k - 2 throwing nets (quivered)
Armour
 d - a scarf of resistance (worn)
 t - a +0 helmet (worn)
 z - a scarf of shadows
 L - a +1 leather armour of cold resistance (worn)
Magical Staves
 j - a staff of poison
 D - a staff of earth (weapon)
Jewellery
 B - a ring of positive energy (left hand)
 E - a ring of see invisible (right hand)
 K - an amulet of reflection (around neck)
Wands
 q - a wand of flame (55)
 A - a wand of charming (13)
 H - a wand of iceblast (8)
Scrolls
 c - a scroll of silence
 h - 5 scrolls of magic mapping
 i - a scroll of amnesia
 l - a scroll of vulnerability
 m - 2 scrolls of enchant weapon
 p - 2 scrolls of noise
 r - a scroll of identify
 s - a scroll of butterflies
 u - a scroll of immolation
 v - a scroll of fear
 x - a scroll of enchant armour {unknown}
 y - a scroll of brand weapon {unknown}
 F - a scroll of teleportation
 G - 3 scrolls of blinking {unknown}
Potions
 b - a potion of magic
 e - 2 potions of brilliance
 f - 2 potions of flight
 g - 2 potions of lignification {unknown}
 o - 4 potions of might
 w - 5 potions of mutation
 C - 2 potions of invisibility
 I - a potion of cancellation {unknown}
 J - a potion of attraction {unknown}


   Skills:
 - Level 8.2 Fighting
 + Level 3.4 Armour
 - Level 4.2 Dodging
 - Level 9.6 Stealth
 - Level 4.2 Spellcasting
 - Level 0.8 Transmutations
 - Level 5.0 Earth Magic
 - Level 5.7 Evocations


You had 8 spell levels left.
You knew the following spells:

 Your Spells              Type           Power      Damage    Failure   Level
a - Sandblast             Erth           98%        2d20      1%          1
b - Passwall              Tmut/Erth      26%        N/A       4%          2
c - Stone Arrow           Conj/Erth      56%        3d10      12%         3
d - Call Canine Familiar  Summ           5%         N/A       32%         3

Your spell library contained the following spells:

 Spells                   Type           Power      Damage    Failure   Level
 Sting                    Tmut/Pois      32%        1d4       9%          1
 Summon Small Mammal      Summ           20%        N/A       11%         1
 Ensorcelled Hibernation  Hex/Ice        10%        N/A       16%         2
 Lesser Beckoning         Tloc           10%        N/A       16%         2
 Poisonous Vapours        Pois/Air       10%        N/A       16%         2
 Sublimation of Blood     Necr           5%         N/A       16%         2
 Spider Form              Tmut/Pois      8%         N/A       26%         3
 Petrify                  Tmut/Erth      32%        N/A       30%         4
 Gell's Gravitas          Tloc           5%         N/A       32%         3
 Inner Flame              Hex/Fire       5%         N/A       32%         3
 Mephitic Cloud           Conj/Pois/Air  5%         N/A       32%         3
 Summon Guardian Golem    Hex/Summ       5%         N/A       32%         3
 Teleport Other           Tloc           5%         N/A       32%         3
 Anguish                  Hex/Necr       2%         N/A       71%         4
 Olgreb's Toxic Radiance  Pois           5%         N/A       71%         4
 Irradiate                Conj/Tmut      4%         3d13      94%         5
 Yara's Violent Unravell  Hex/Tmut       4%         3d4       94%         5
 Freezing Cloud           Conj/Ice/Air   2%         6-21      96%         5
 Enfeeble                 Hex            2%         N/A       100%        7


Dungeon Overview and Level Annotations

Branches:
Dungeon (10/15)            Temple (0/1) D:5            Lair (0/5) D:8
    Orc: D:9-12

Shops:
D:6 ?

Annotations:
D:6 3 runed translucent doors, kolakolka's ghost, novice TrGl
D:9 Erolcha


Innate Abilities, Weirdness & Mutations

You have an increased reservoir of magic. (+10% MP)
You shall have no god before yourself.
Your divine heritage dramatically boosts your attributes as you level up.
You are partially covered in iridescent scales. (AC +2)
You possess an exceptional clarity of mind.
You are dopey. (Int -2)
Your system is resistant to poisons. (rPois)


Message History

You feel strangely unstable.
You feel the power of the Abyss delaying your translocation!
You block the ancient zyme's attack. The ancient zyme hits you.
You feel ill.
The ancient zyme attacks as you move away!
The ancient zyme barely misses you. The ancient zyme hits you!
The ancient zyme attacks as you move away!
The ancient zyme hits you.
The ancient zyme hits you but does no damage.
A bunyip skeleton comes into view.
A lurking horror and an eidolon come into view.
A tentacled starspawn comes into view.
Casting: Sandblast (safe; 1% risk of failure)
Confirm with . or Enter, or press ? or * to list all spells.
Aiming: Sandblast (safe; 1% risk of failure)
Press: ? - help, Shift-Dir - straight line, f - ancient zyme
Aim: an ancient zyme (93% to hit)
You feel a surge of power!
The blast of sand hits the ancient zyme.
The ancient zyme is lightly damaged.
The ancient zyme hits you!
* * * LOW HITPOINT WARNING * * *
You block the ancient zyme's attack.
Casting: Sandblast (safe; 1% risk of failure)
Confirm with . or Enter, or press ? or * to list all spells.
Aiming: Sandblast (safe; 1% risk of failure)
Press: ? - help, Shift-Dir - straight line, f/p - ancient zyme
Aim: an ancient zyme (lightly damaged, 93% to hit)
You feel a surge of power!
The blast of sand hits the ancient zyme.
The ancient zyme is lightly damaged.
The ancient zyme closely misses you.
The ancient zyme hits you but does no damage.
The ancient zyme closely misses you. The ancient zyme hits you.
* * * LOW HITPOINT WARNING * * *
Unknown command.
You feel better. The ancient zyme hits you!
* * * LOW HITPOINT WARNING * * *
The ancient zyme hits you!
You die...

... .#.#...##.##
. # . ##†#..#...#
......†.###...#..
.######..##.#.##
. #. #. .. . #.
##.#.# ##.. #
..#.#...##
#..#x#...... ....
#@§..# #....
###### .....# #.#
#.#.# ..# ..Z.
... .# ...X *#W#.
#.


You could see an ancient zyme.

Vanquished Creatures
  Harold (D:9)
  Erica (D:8)
  A cyclops (D:9)
  Psyche (D:9)
  A rime drake (D:8)
  A troll (D:8)
  Grinder (D:5)
  4 raiju (Abyss:1)
  A wyvern (D:8)
  A yak (D:10)
  Duvessa (D:7)
  A water moccasin (D:7)
  2 acid dragons (D:9)
  4 orc warriors (D:9)
  2 sky beasts
  3 ice beasts (D:8)
  A black bear (D:6)
  An ogre (D:5)
  A wolf (D:8)
  4 centaurs
  2 phantoms (D:5)
  A bullfrog (D:7)
  A kobold brigand (D:7)
  3 scorpions
  8 wights (D:8)
  Dowan (D:7)
  5 killer bees
  A quasit (Abyss:1)
  2 jellies
  6 orc priests
  2 gnoll boudas (D:9)
  A hound (D:6)
  A sleepcap (D:6)
  3 iguanas
  7 orc wizards
  16 gnolls
  6 adders
  A shadow imp (D:5)
  A white imp (D:7)
  2 worms
  A dart slug (D:4)
  54 orcs
  2 bats
  6 endoplasms
  2 giant cockroaches
  10 goblins
  5 hobgoblins
  11 kobolds
  4 quokkas
  9 ball pythons
  3 frilled lizards
  8 rats
218 creatures vanquished.

Vanquished Creatures (collateral kills)
  An orc warrior (D:6)
1 creature vanquished.

Vanquished Creatures (others)
  3 plants (D:8)
3 creatures vanquished.

Grand Total: 222 creatures vanquished

Notes
Turn   | Place    | Note
-------+----------+-------------------------------------------
     0 | D:1      | manyhoops the Demigod Earth Elementalist began the quest
                  | for the Orb.
     0 | D:1      | Reached XP level 1. HP: 14/14 MP: 5/5
   209 | D:1      | Reached XP level 2. HP: 20/20 MP: 4/7
   879 | D:1      | You fall into a shaft and drop 1 floor!
   969 | D:2      | Reached XP level 3. HP: 26/26 MP: 6/9
  2308 | D:3      | Reached XP level 4. HP: 31/33 MP: 8/11
  2902 | D:4      | Reached XP level 5. HP: 26/38 MP: 1/13
  3478 | D:5      | Entered Level 5 of the Dungeon
  3556 | D:5      | Noticed an ogre
  3558 | D:5      | Killed an ogre
  3559 | D:5      | Reached skill level 5 in Earth Magic
  3559 | D:5      | Reached XP level 6. HP: 45/45 MP: 12/15
  3591 | D:5      | Noticed Grinder
  3596 | D:5      | Killed Grinder
  3597 | D:5      | Reached skill level 3 in Stealth
  3713 | D:5      | Reached XP level 7. HP: 56/56 MP: 13/16
  4103 | D:5      | Reached skill level 4 in Stealth
  4242 | D:5      | Found a staircase to the Ecumenical Temple.
  4710 | D:5      | Reached skill level 5 in Stealth
  5178 | D:6      | Found a runed translucent gate.
  5178 | D:6      | Found a runed translucent gate.
  5178 | D:6      | Found a runed translucent gate.
  5180 | D:6      | Noticed kolakolka's ghost (novice TrGl)
  5265 | D:6      | Gained mutation: You possess an exceptional clarity of
                  | mind. [potion of mutation]
  5265 | D:6      | Gained mutation: You are dopey. (Int -2) [potion of
                  | mutation]
  5265 | D:6      | Gained mutation: Your system is resistant to poisons.
                  | (rPois) [potion of mutation]
  5265 | D:6      | Gained mutation: You are partially covered in iridescent
                  | scales. (AC +2) [potion of mutation]
  5375 | D:6      | Found Tyone's Magic Scroll Boutique.
  5378 | D:6      | Bought a scroll of identify for 30 gold pieces
  5378 | D:6      | Bought a scroll of teleportation for 45 gold pieces
  5378 | D:6      | Bought a scroll of teleportation for 45 gold pieces
  5378 | D:6      | Bought a scroll of fear for 60 gold pieces
  5644 | D:6      | Reached XP level 8. HP: 66/66 MP: 15/17
  5702 | D:7      | Noticed Dowan
  5703 | D:7      | Noticed Duvessa
  5712 | D:6      | Reached skill level 6 in Stealth
  5818 | D:7      | Reached skill level 5 in Fighting
  5830 | D:7      | Reached skill level 7 in Stealth
  6272 | D:5      | Learned a level 2 spell: Passwall
  6276 | D:5      | Learned a level 3 spell: Stone Arrow
  6280 | D:5      | Learned a level 3 spell: Call Canine Familiar
  6504 | D:7      | Killed Duvessa
  6507 | D:7      | Killed Dowan
  6960 | D:8      | Noticed a troll
  6963 | D:8      | Killed a troll
  6964 | D:8      | Reached skill level 8 in Stealth
  6964 | D:8      | Reached XP level 9. HP: 77/77 MP: 15/18
  7184 | D:8      | Noticed Erica
  7189 | D:8      | Noticed a rime drake
  7192 | D:8      | Killed Erica
  7193 | D:8      | Reached skill level 9 in Stealth
  7740 | D:8      | Killed a rime drake
  7824 | D:8      | Found a staircase to the Lair.
  8116 | D:9      | Noticed a cyclops
  8134 | D:9      | Killed a cyclops
  8135 | D:9      | Reached XP level 10. HP: 51/88 MP: 9/19
  8321 | D:9      | Noticed Psyche
  8321 | D:9      | Noticed Erolcha
  8466 | D:9      | Reached skill level 1 in Evocations
  9285 | D:9      | Noticed Harold
  9291 | D:9      | Killed Harold
  9292 | D:9      | Reached skill level 5 in Evocations
  9568 | D:9      | Killed Psyche
  9897 | D:10     | Entered Level 10 of the Dungeon
  9897 | D:10     | Noticed a manticore
  9918 | D:10     | Reached skill level 1 in Armour
  9935 | Abyss:1  | Cast into level 1 of the Abyss (Erolcha)
 10273 | Abyss:1  | Noticed a starcursed mass
 10283 | Abyss:1  | Noticed an eidolon
 10283 | Abyss:1  | Noticed a tentacled starspawn
 10287 | Abyss:1  | Slain by an ancient zyme

Illustrated notes

Levels and vault maps discovered:
D:1:      minmay_arrival_arboretum_small, layout_basic,
          hellmonk_ecumenical_altar_lost_god, serial_glass, glass_columns_b,
          glass_columns_a, minmay_hexomino_u4
D:2:      layout_basic, basic_altar
D:3:      layout_loops_ring, grunt_ministairs_11
D:4:      layout_loops_ring
D:5:      layout_layer_cave, nicolae_tso_swordbearing_angel,
          mainiacjoe_overflow_paths, minmay_temple_entry_hall,
          solitary_fountain, minmay_ruined_shrine, uniq_grinder
D:6:      layout_rooms, serial_shops, nicolae_shop_window_shopping,
          ebering_ghost_rock_garden
D:7:      layout_cave_pools, minmay_misc_feat_diagonals, uniq_duvessa
D:8:      layout_basic, mainiacjoe_overflow_chevrons, hellmonk_lair_entry_icy,
          uniq_erica
D:9:      layout_roguey, yredelemnul_altar_generic, special_room
          [special_room_orc], grunt_decor_fettered, uniq_psyche, uniq_harold,
          uniq_erolcha
D:10:     layout_cave_pools, uniq_josephine
Abyss:1:  base: D:2, serial_sigils_hangedman_snap

Skill      XL: |  1  2  3  4  5  6  7  8  9 10 |
---------------+-------------------------------+-----
Earth Magic    | 3 4 5 |  5.0
Spellcasting   | 2 3 4 |  4.2
Fighting       | 2 4 6 8 |  8.2
Stealth        | 3 5 8 9 |  9.6
Dodging        | 4 |  4.2
Evocations     | 5 |  5.7
Armour         | 3 |  3.4
Transmutations | |  0.8

Action                     |  1- 3 |  4- 6 |  7- 9 | 10-12 || total
---------------------------+-------+-------+-------+-------++-------
  Melee: Staff             |     3 |       |     6 |    13 ||    22
         Unarmed           |       |       |       |     9 ||     9
         Punch             |       |       |       |     2 ||     2
  Throw: Throwing net      |       |       |       |     2 ||     2
   Cast: Sandblast         |    80 |    44 |   179 |    78 ||   381
         Stone Arrow       |       |       |     6 |    21 ||    27
         Call Canine Famil |       |       |     1 |       ||     1
  Evoke: Wand              |       |       |       |     2 ||     2
    Use: Scroll            |     2 |       |    10 |     1 ||    13
         Potion            |       |       |     9 |     1 ||    10
 Armour: Robe              |    10 |     1 |    42 |     4 ||    57
         Skin              |       |       |       |     7 ||     7
         Leather armour    |       |       |       |     2 ||     2
  Dodge: Dodged            |    31 |    12 |   104 |    47 ||   194
  Block: Other             |       |       |       |     5 ||     5
